 Dungeon Crawl Stone Soup version 5.5-19-gbfab8aa (webtiles) character file.

3943 shitraven the Carver (level 11, -7/142 HPs)
             Began as a Minotaur Berserker on Apr 20, 2018.
             Was an Elder of Trog.
             Mangled by a freezing wraith (23 damage)
             ... in an ice cave.
             The game lasted 00:27:56 (10193 turns).

shitraven the Carver (Minotaur Berserker)          Turns: 10193, Time: 00:27:57

Health: -7/142     AC: 19 (39%)Str: 34    XL:     11   Next: 43%
Magic:  11/11      EV:  8    Int:  1 (-1) God:    Trog [4*[117]]
Gold:   682        SH: 20    Dex: 20      Spells: 11/11 levels left

rFire    . . .     SeeInvis .   E - +10 mace "Jeumo" {freeze, *Drain rPois Dex+4}
rCold    . . .     Faith    .   H - +0 large shield
rNeg     . . .     Spirit   .   A - +2 plate armour
rPois    +         Reflect  .   (helmet restricted)
rElec    +         Clarity  +   F - +0 cloak
rCorr    .                      G - +0 pair of gloves
MR       .....                  (no boots)
Stlth    ..........             (no amulet)
Regen    0.4/turn               t - +5 ring of dexterity
MPRegen  0.2/turn               u - +3 ring of slaying

@: berserking, slowed
A: retaliatory headbutt, horns 2, talons 1, clarity, dopey, sense surroundings,
poison resistance, electricity resistance, strong
a: Berserk, Trog's Hand, Brothers in Arms, Renounce Religion


You were in an ice cave.
You worshipped Trog.
Trog was greatly pleased with you.
You were not hungry.

You visited 1 branch of the dungeon, and saw 11 of its levels.
You also visited: Sewer and Ice Cave.

You collected 682 gold pieces.

Inventory:

Hand Weapons
 a - a +0 spear
 s - a +2 double sword of flaming
 E - the +10 mace "Jeumo" (weapon) {freeze, *Drain rPois Dex+4}
   (You found it on level 9 of the Dungeon)

   It has been specially enchanted to freeze those struck by it, causing extra
   injury to most foes and up to half again as much damage against particularly
   susceptible opponents.
   It can also slow down cold-blooded creatures.
   It affects your dexterity (+4).
   It protects you from poison.
   It causes draining when unequipped.
Missiles
 g - 160 poisoned darts
 h - 20 frenzy darts
 n - 49 tomahawks (quivered)
 w - a curare dart
Armour
 b - a +0 animal skin
 k - a +0 chain mail
 l - a +0 shield
 A - a +2 plate armour (worn)
 C - the +1 robe of Context {Dex+4}
   (You found it on level 8 of the Dungeon)

   It affects your dexterity (+4).
 F - a +0 cloak (worn)
 G - a +0 pair of gloves (worn)
 H - a +0 large shield (worn)
Magical Staves
 D - an uncursed staff of wizardry
Jewellery
 d - an uncursed ring of protection from magic
 e - a +5 ring of dexterity
 p - a +5 ring of intelligence
 t - a +5 ring of dexterity (left hand)
 u - a +3 ring of slaying (right hand)
 y - a +5 ring of intelligence
 B - an uncursed ring of positive energy
Wands
 j - a wand of flame (10)
Scrolls
 c - 2 scrolls of fog
 o - 3 scrolls of teleportation
 q - 2 scrolls of blinking
 v - a scroll of magic mapping
Potions
 f - a potion of magic
 i - a potion of cancellation
 m - 2 potions of ambrosia
 r - 2 potions of augmentation
 x - a potion of heal wounds
 z - 3 potions of flight


   Skills:
 + Level 8.9 Fighting
 + Level 10.7 Blades
 + Level 7.0 Maces & Staves
 + Level 7.0 Polearms
 + Level 10.2 Armour
 + Level 4.0 Dodging
 + Level 2.0 Stealth
 + Level 9.2 Shields


You had 11 spell levels left.
You didn't know any spells.

Dungeon Overview and Level Annotations

Branches:
Dungeon (11/15)

Altars:
Cheibriados
Dithmenos
Elyvilon
Gozag
Jiyva
Kikubaaqudgha
Makhleb
Nemelex Xobeh
Okawaru
Qazlal
Ru
Sif Muna
Trog
Uskayaw
Vehumet
Wu Jian
Xom
Yredelemnul
Zin
The Shining One


Innate Abilities, Weirdness & Mutations

You reflexively headbutt those who attack you in melee.
You have a pair of horns on your head.
You have sharp toenails.
You possess an exceptional clarity of mind.
You are dopey. (Int -5)
You passively map the area around you.
Your system is resistant to poisons. (rPois)
You are resistant to electric shocks. (rElec)
Your muscles are strong. (Str +5)


Message History

The freezing wraith hits you (2).
* * * LOW HITPOINT WARNING * * *
The freezing wraith freezes you (13)!
* * * LOW HITPOINT WARNING * * *
You block the freezing wraith's attack. The freezing wraith barely misses you.
You block the freezing wraith's attack.
You barely miss the freezing wraith. You claw the freezing wraith (7)!
The freezing wraith is heavily damaged.
You block the ice beast's attack.
The freezing wraith hits you but does no damage. x3
The freezing wraith hits you (1).
* * * LOW HITPOINT WARNING * * *
The freezing wraith drains your vigour!
You feel as though you will be slow longer.
You block the freezing wraith's attack. The freezing wraith barely misses you.
The ice beast hits you but does no damage.
The freezing wraith hits you (2).
* * * LOW HITPOINT WARNING * * *
The freezing wraith freezes you (23)!!
You die...

##.....## ..##
##...## * ##...##
##...# ≈ ##.......
#...##≈ #........ ,
#...## #........ *
##...## *#........
* ##...# ##........
, ##..#*
##WY###.... * ,
##..## #W@### **# *
#..## ##...### , ,
####..####
##....### , ,
##.#....#.##≈
###....##
##..........##
≈*###...###≈ ≈*
#............## *
###...### ≈ *
#.............####
###...## ,
##...............##
##...# *
##........###....##
###..#


You could see 2 freezing wraiths and an ice beast.

Vanquished Creatures
  A queen ant (D:10)
  A spiny frog (D:9)
  A rime drake (D:10)
  5 freezing wraiths (IceCv)
  A meliai zombie (D:11)
  A wyvern (D:11)
  14 yaks
  A shadow (D:8)
  2 angry ghosts (D:9)
  A water moccasin (D:9)
  5 soldier ants (D:10)
  7 ice beasts
  2 spiny frog skeletons
  An alligator simulacrum (IceCv)
  An orc warrior (D:7)
  2 black bears
  3 ogres
  9 centaurs
  A big kobold (Sewer)
  A rime drake skeleton (D:8)
  A bullfrog (D:7)
  4 wyvern skeletons
  2 scorpions
  4 crimson imps
  14 killer bees
  4 wights (D:11)
  2 quasits
  A wasp zombie (D:8)
  A bullfrog skeleton (D:4)
  2 centaur skeletons
  A hound (D:4)
  3 gnoll shamans
  2 orc priests (D:5)
  5 jellies
  An orc wizard (D:5)
  18 worker ants
  A killer bee zombie (D:7)
  3 wolf simulacra (IceCv)
  Samantha (D:3)
  5 adders
  10 gnolls
  2 shadow imps
  5 white imps (IceCv)
  2 dart slugs
  4 orcs
  6 quokkas
  2 ball pythons
  6 bats
  6 giant cockroaches
  32 goblins
  13 hobgoblins
  18 jackals
  7 kobolds
  8 frilled lizards
  12 rats
  4 fungi (D:5)
272 creatures vanquished.

Notes
Turn   | Place    | Note
-------+----------+-------------------------------------------
     0 | D:1      | shitraven the Minotaur Berserker began the quest for the Orb.
     0 | D:1      | Reached XP level 1. HP: 19/19 MP: 1/1
   219 | D:1      | Reached XP level 2. HP: 27/27 MP: 2/2
   743 | D:1      | Reached XP level 3. HP: 27/33 MP: 3/3
  1079 | D:2      | Reached ** piety under Trog
  1371 | D:2      | Reached XP level 4. HP: 27/41 MP: 4/4
  1524 | D:2      | Reached skill level 5 in Polearms
  1663 | D:2      | Found a bloodstained altar of Trog.
  1855 | D:3      | Found an iron altar of Okawaru.
  1958 | D:3      | Gained mutation: You have sharp toenails. [potion of mutation]
  1958 | D:3      | Gained mutation: You are frail. (-10% HP) [potion of mutation]
  1958 | D:3      | Gained mutation: You are agile. (Dex +5) [potion of mutation]
  1958 | D:3      | Gained mutation: You are covered in thick fur. (AC +4) [potion of mutation]
  1959 | D:3      | Lost mutation: You are frail. (-10% HP) [potion of mutation]
  1959 | D:3      | Lost mutation: You have sharp toenails. [potion of mutation]
  1959 | D:3      | Gained mutation: You occasionally shout uncontrollably at your foes. [potion of mutation]
  1959 | D:3      | Gained mutation: You are resistant to hostile enchantments. (MR+) [potion of mutation]
  1959 | D:3      | Gained mutation: Your flesh is heat resistant. (rF+) [potion of mutation]
  1960 | D:3      | Lost mutation: You occasionally shout uncontrollably at your foes. [potion of mutation]
  1960 | D:3      | Lost mutation: You are covered in thick fur. (AC +4) [potion of mutation]
  1960 | D:3      | Lost mutation: You are agile. (Dex +5) [potion of mutation]
  1960 | D:3      | Lost mutation: Your flesh is heat resistant. (rF+) [potion of mutation]
  1960 | D:3      | Lost mutation: You are resistant to hostile enchantments. (MR+) [potion of mutation]
  1960 | D:3      | Gained mutation: You passively map the area around you. [potion of mutation]
  1960 | D:3      | Gained mutation: Scrolls take you a little longer to read. [potion of mutation]
  1960 | D:3      | Gained mutation: Your body sometimes deteriorates upon taking damage. [potion of mutation]
  1960 | D:3      | Gained mutation: You evolve. [potion of mutation]
  2027 | D:3      | Reached skill level 1 in Stealth
  2041 | D:3      | Noticed Samantha
  2044 | D:3      | Reached *** piety under Trog
  2061 | D:3      | Killed Samantha
  2061 | D:3      | Reached XP level 5. HP: 47/47 MP: 5/5
  2377 | D:3      | Found a faded altar of an unknown god.
  2593 | D:3      | Found a snail-covered altar of Cheibriados.
  2792 | D:3      | Gained mutation: Your spells are a little harder to cast, but a little more powerful. [evolution]
  2857 | D:4      | Lost mutation: You evolve. [potion of mutation]
  2857 | D:4      | Lost mutation: Scrolls take you a little longer to read. [potion of mutation]
  2857 | D:4      | Lost mutation: Your body sometimes deteriorates upon taking damage. [potion of mutation]
  2857 | D:4      | Lost mutation: Your spells are a little harder to cast, but a little more powerful. [potion of mutation]
  2857 | D:4      | Gained mutation: You have sharp toenails. [potion of mutation]
  2857 | D:4      | Gained mutation: You possess an exceptional clarity of mind. [potion of mutation]
  2857 | D:4      | Gained mutation: You are dopey. (Int -5) [potion of mutation]
  2857 | D:4      | Gained mutation: Your system is resistant to poisons. (rPois) [potion of mutation]
  2934 | D:4      | Reached skill level 5 in Fighting
  2973 | D:4      | Reached XP level 6. HP: 55/56 MP: 6/6
  2985 | D:4      | Reached skill level 1 in Shields
  3129 | D:4      | Found a basalt altar of Yredelemnul.
  3215 | D:4      | Found a sparkling altar of Nemelex Xobeh.
  3241 | D:4      | Found a glowing golden altar of the Shining One.
  3241 | D:4      | Found a stormy altar of Qazlal.
  3241 | D:4      | Found an opulent altar of Gozag.
  3241 | D:4      | Found a burning altar of Makhleb.
  3241 | D:4      | Found an ornate altar of the Wu Jian Council.
  3241 | D:4      | Found a viscous altar of Jiyva.
  3241 | D:4      | Found a white marble altar of Elyvilon.
  3241 | D:4      | Found an ancient bone altar of Kikubaaqudgha.
  3299 | D:4      | Found a glowing silver altar of Zin.
  3661 | D:5      | Entered Level 5 of the Dungeon
  3688 | D:5      | Noticed an ice beast
  3694 | D:5      | Killed an ice beast
  3720 | D:5      | Found a shadowy altar of Dithmenos.
  3810 | D:5      | Reached skill level 1 in Blades
  3810 | D:5      | Reached XP level 7. HP: 39/61 MP: 7/7
  3840 | D:5      | Reached skill level 5 in Armour
  3920 | D:5      | Found a hide-covered altar of Uskayaw.
  3962 | D:5      | Noticed a hand axe
  3962 | D:5      | Noticed a hand axe
  4708 | D:5      | Gained mutation: You are resistant to electric shocks. (rElec) [mutagenic hatch]
  4822 | D:6      | Found a radiant altar of Vehumet.
  4915 | D:6      | Reached XP level 8. HP: 69/70 MP: 8/8
  4919 | D:6      | Found a deep blue altar of Sif Muna.
  5204 | D:6      | Found a glowing drain.
  5212 | D:6      | Reached **** piety under Trog
  5215 | Sewer    | Entered a sewer
  5298 | Sewer    | Found a glowing silver altar of Zin.
  5774 | D:7      | Reached skill level 5 in Blades
  5838 | D:7      | Found a sacrificial altar of Ru.
  6226 | D:7      | Found a shimmering altar of Xom.
  6711 | D:8      | Reached XP level 9. HP: 77/79 MP: 9/9
  6824 | D:8      | Got the +1 robe of Context {Dex+4}
  7339 | D:9      | Reached skill level 5 in Shields
  7354 | D:9      | Found an ancient bone altar of Kikubaaqudgha.
  7423 | D:9      | Reached skill level 10 in Blades
  7471 | D:9      | Reached XP level 10. HP: 82/86 MP: 10/10
  7517 | D:9      | Got the +10 mace "Jeumo" {freeze, *Drain rPois Dex+4}
  7536 | D:9      | Noticed a spiny frog
  7541 | D:9      | Killed a spiny frog
  7961 | D:10     | Entered Level 10 of the Dungeon
  7968 | D:10     | Reached skill level 1 in Maces & Staves
  8065 | D:10     | Noticed a queen ant
  8073 | D:10     | Killed a queen ant
  8274 | D:10     | Reached skill level 5 in Maces & Staves
  8330 | D:10     | Reached XP level 11. HP: 71/95 MP: 11/11
  9750 | D:10     | Gained mutation: Your muscles are strong. (Str +5) [mutagenic hatch]
  9840 | D:11     | Found a frozen archway.
  9866 | IceCv    | Entered an ice cave
 10098 | IceCv    | Reached skill level 10 in Armour
 10193 | IceCv    | Mangled by a freezing wraith

Skill      XL: |  1  2  3  4  5  6  7  8  9 10 11 |
---------------+----------------------------------+-----
Polearms       | 4 5 6 7 |  7.0
Fighting       | 4 5 6 7 8 |  8.9
Stealth        | 1 2 |  2.0
Armour         | 3 4 5 6 8 9 10 | 10.2
Shields        | 1 2 3 5 8 9 |  9.2
Dodging        | 3 4 |  4.0
Blades         | 1 3 7 10 | 10.7
Maces & Staves | 5 7 |  7.0

Action                   |  1- 3 |  4- 6 |  7- 9 | 10-12 || total
-------------------------+-------+-------+-------+-------++-------
Melee: Spear             |   104 |   140 |       |       ||   244
       Headbutt          |    20 |    27 |    34 |    43 ||   124
       Kick              |       |    17 |    61 |    81 ||   159
       Double sword      |       |    20 |   181 |     2 ||   203
       Mace              |       |       |       |   144 ||   144
Invok: Berserk           |       |     1 |       |     4 ||     5
       Trog's Hand       |       |       |       |     3 ||     3
  Use: Scroll            |     1 |       |     4 |       ||     5
       Potion            |       |     4 |       |     2 ||     6
 Stab: Sleeping          |     3 |       |       |       ||     3
Armor: Animal skin       |    18 |       |       |       ||    18
       Chain mail        |     1 |    51 |    34 |       ||    86
       Plate armour      |       |       |    77 |   115 ||   192
Dodge: Dodged            |    33 |    29 |    65 |    66 ||   193
Block: Shield            |       |    36 |   113 |    57 ||   206
       Large shield      |       |       |       |   118 ||   118
